 Dungeon Crawl Stone Soup version 0.21.1-1-g345015f (webtiles) character file.

151 grindst0ne the Skirmisher (level 5, 0/46 HPs)
             Began as a Formicid Hunter on Mar 3, 2018.
             Was an Initiate of the Shining One.
             Succumbed to an adder's poison
             ... on level 3 of the Dungeon.
             The game lasted 00:04:20 (2104 turns).

grindst0ne the Skirmisher (Formicid Hunter)         Turns: 2104, Time: 00:04:20

Health: 0/46       AC:  5    Str: 16 (17) XL:     5   Next: 59%
Magic:  5/5        EV: 11    Int: 13 (16) God:    the Shining One [......]
Gold:   169        SH:  0    Dex:  8 (11) Spells: 4/4 levels left

rFire    + . .     SeeInvis +   a - +0 short sword
rCold    + . .     Gourm    .   (no shield)
rNeg     . . .     Faith    .   i - +0 ring mail (curse)
rPois    +         Spirit   .   (helmet unavailable)
rElec    +         Reflect  .   (no cloak)
rCorr    +         Harm     .   (no gloves)
MR       .....                  (no boots)
Stlth    +.........             (no amulet)
HPRegen  0.15/turn              (no ring)
MPRegen  0.09/turn              (no ring)

@: brilliant, lethally poisoned (0 -> -2), resistant, glowing
A: permanent stasis, dig shafts and tunnels, four strong arms, antennae 3
a: Dig, Shaft Self, Renounce Religion


You were on level 3 of the Dungeon.
You worshipped the Shining One.
The Shining One was noncommittal.
You were very hungry.

You visited 1 branch of the dungeon, and saw 3 of its levels.

You collected 169 gold pieces.

Inventory:

Hand Weapons
 a - a +0 short sword (weapon)
Missiles
 c - 7 javelins (quivered)
 g - 2 throwing nets
Armour
 b - a +0 leather armour
 i - a cursed +0 ring mail (worn)
Scrolls
 h - a scroll of identify {unknown}
 k - a scroll of amnesia {unknown}
 p - 2 scrolls of remove curse {unknown}
Potions
 e - a potion of haste
 o - a potion of degeneration
Comestibles
 d - 2 chunks of flesh
 f - 2 rations


   Skills:
 + Level 5.9 Fighting
 - Level 4.0 Throwing
 - Level 1.7 Dodging
 - Level 1.2 Stealth


You had 4 spell levels left.
You didn't know any spells.

Dungeon Overview and Level Annotations

Branches:
Dungeon (3/15)

Altars:
Okawaru
The Shining One

Portals:
Sewer: D:3

Annotations:
D:2 exclusion: downstairs
D:3 Xelenos's ghost, amateur HOMo


Innate Abilities, Weirdness & Mutations

You cannot be hasted, slowed, berserked, paralysed or teleported.
You can dig through walls and to a lower floor.
Your four strong arms can wield two-handed weapons with a shield.
You have a pair of large antennae on your head. (SInv)


Message History

The adder bites you.
You are poisoned.
The adder poisons you!
You feel sick. The bat hits you but does no damage. The bat misses you. x2
The orc priest calls down the wrath of Beogh upon you.
Beogh smites you!
* * * LOW HITPOINT WARNING * * *
* * * LOW HITPOINT WARNING * * *
You feel sick. The bat barely misses you. The bat barely misses you.
The adder misses you.
Some of the chunks of flesh in your inventory have rotted away.
* * * LOW HITPOINT WARNING * * *
You feel sick. The bat barely misses you.
You extend your mandibles.
You dig through the rock wall.
The adder barely misses you. The bat hits you.
* * * LOW HITPOINT WARNING * * *
You dig through the rock wall.
The bat hits you but does no damage.
You dig through the rock wall.
You die...

#....#.#
#.#....#........ .#.
#.#'##..
#.#....'........ ...
#.#.#### #.#....#.......
#[#......#.#.o{w#.......
#.########.#..{.# ....
#..........#bo{.# ....
#############S### ###
##.# #@## ###


There were no monsters in sight!

Vanquished Creatures
  A worker ant (D:3)
  A gnoll (D:1)
  3 adders (D:2)
  A river rat (D:3)
  2 oozes (D:2)
  A worm (D:2)
  2 dart slugs
  2 leopard geckos
  6 giant cockroaches
  9 goblins
  7 hobgoblins
  3 jackals (D:3)
  9 kobolds
  7 bats
  4 frilled lizards
  5 rats (D:1)
63 creatures vanquished.

Vanquished Creatures (others)
  A goblin (D:1)
1 creature vanquished.

Grand Total: 64 creatures vanquished

Notes
Turn   | Place    | Note
-------+----------+-------------------------------------------
     0 | D:1      | grindst0ne the Formicid Hunter began the quest for the Orb.
     0 | D:1      | Reached XP level 1. HP: 16/16 MP: 1/1
   109 | D:1      | Reached XP level 2. HP: 12/23 MP: 2/2
   189 | D:1      | Reached skill level 3 in Fighting
   461 | D:1      | Reached XP level 3. HP: 17/30 MP: 3/3
   600 | D:1      | Reached skill level 4 in Fighting
   970 | D:2      | Reached XP level 4. HP: 38/38 MP: 4/4
  1168 | D:2      | Reached skill level 5 in Fighting
  1303 | D:2      | Found a glowing golden altar of the Shining One.
  1330 | D:2      | Became a worshipper of the Shining One
  1511 | D:2      | Found an iron altar of Okawaru.
  1527 | D:2      | Reached XP level 5. HP: 39/44 MP: 5/5
  1837 | D:3      | Noticed Xelenos's ghost (amateur HOMo)
  2067 | D:3      | Found a glowing drain.
  2099 | D:3      | HP: 2/46 [poisoned by an adder]
  2104 | D:3      | Succumbed to an adder's poison

Skill      XL: |  1  2  3  4 |
---------------+-------------+-----
Fighting       | 3 4 5 |  5.9
Throwing       | |  4.0
Dodging        | |  1.7
Stealth        | |  1.2

Action                   |  1- 3 |  4- 6 || total
-------------------------+-------+-------++-------
Melee: Short sword       |   126 |   116 ||   242
Throw: Javelin           |     3 |    19 ||    22
       Throwing net      |       |     2 ||     2
 Abil: Dig               |       |     2 ||     2
  Use: Potion            |       |     7 ||     7
       Scroll            |       |     1 ||     1
 Stab: Sleeping          |     2 |       ||     2
  Eat: Chunk             |       |     3 ||     3
Armor: Leather armour    |    12 |       ||    12
       Ring mail         |    35 |    66 ||   101
Dodge: Dodged            |    75 |   121 ||   196
